 Dungeon Crawl Stone Soup version 0.17.1-2-g5865329 (webtiles) character file.

287 Jerry the Shield-Bearer (level 6, -9/43 HPs)
             Began as an Octopode Fighter on Jan 22, 2016.
             Was an Initiate of Dithmenos.
             Mangled by an orc warrior
             ... wielding a +0 war axe
              (23 damage)
             ... on level 5 of the Dungeon.
             The game lasted 00:21:05 (3982 turns).

Jerry the Shield-Bearer (Octopode Fighter)          Turns: 3982, Time: 00:21:05

Health: -9/43      AC:  1    Str: 13    XL:     6   Next: 30%
Magic:  6/6        EV: 11    Int: 14    God:    Dithmenos [......]
Gold:   218        SH:  8    Dex: 10    Spells: 0 memorised, 5 levels left

rFire  + . .     SeeInvis .     B - +9 falchion "Worm" {holy, *Drain rC++ Int+4}
rCold  + + .     Clarity  .     b - +0 shield
rNeg   . . .     SustAt   .     (helmet restricted)
rPois  .         Gourm    .     (no amulet)
rElec  .         Spirit   .     s - ring of protection from fire
rCorr  .         Warding  .     w - ring of protection from magic
rMut   .         Stasis   .     (no ring)
MR     +....                    (no ring)
Stlth  +++.......               (no ring)
                                (no ring)
                                (no ring)
                                (no ring)

@: somewhat resistant to hostile enchantments, fairly stealthy
A: almost no armour, amphibious, 8 rings, constrict 8, camouflage 1, clumsy 2,
weak 1, gelatinous body 1
a: Renounce Religion


You were on level 5 of the Dungeon.
You worshipped Dithmenos.
Dithmenos was noncommittal.
You were not hungry.

You visited 2 branches of the dungeon, and saw 6 of its levels.

You collected 218 gold pieces.

Inventory:

Hand Weapons
 a - a +0 long sword
 i - a +0 hunting sling
 B - the +9 falchion "Worm" (weapon) {holy, *Drain rC++ Int+4}
   (You found it on level 4 of the Dungeon)

   It has been blessed by the Shining One to cause great damage to the undead
   and demons.
   It affects your intelligence (+4).
   It greatly protects you from cold.
   It causes draining when unequipped.
Armour
 b - a +0 shield (worn)
Jewellery
 s - a ring of protection from fire (left tentacle)
 w - a ring of protection from magic (right tentacle)
 C - a cursed -3 ring of evasion {unknown}
Scrolls
 g - 2 scrolls of identify {unknown}
 h - 3 scrolls of remove curse {unknown}
 k - a scroll of random uselessness {unknown}
 l - a scroll of fear {unknown}
 n - a scroll of magic mapping {unknown}
 q - 2 scrolls of blinking {unknown}
 v - a scroll of enchant armour {unknown}
 y - a scroll of teleportation {unknown}
 z - a scroll of amnesia {unknown}
 A - a scroll of fog {unknown}
 D - a scroll of noise {unknown}
Potions
 c - a potion of might
 e - a potion of heal wounds {unknown}
 f - 3 potions of degeneration {unknown}
 j - a potion of beneficial mutation {unknown}
 m - a potion of flight {unknown}
 o - 3 potions of mutation {unknown}
 r - a potion of curing {unknown}
 t - a potion of poison {unknown}
 u - a potion of berserk rage {unknown}
 x - a potion of brilliance {unknown}
Comestibles
 d - a bread ration
 p - 2 meat rations


   Skills:
 + Level 4.0 Fighting
 + Level 3.1 Long Blades
 + Level 4.0 Dodging
 + Level 3.4 Stealth
 + Level 4.2 Shields
 + Level 0.9 Invocations


You had 5 spell levels left.
You didn't know any spells.

Dungeon Overview and Level Annotations

Branches:
Dungeon (5/15)             Temple (1/1) D:4

Altars:
Dithmenos
Elyvilon
Fedhas
Kikubaaqudgha
Makhleb
Nemelex Xobeh
Okawaru
Qazlal
Ru
Sif Muna
Trog
Xom
Zin
The Shining One

Annotations:
D:5 Pikel


Innate Abilities, Weirdness & Mutations

You cannot wear most types of armour.
You are amphibious.
You can wear up to eight rings at the same time.
You can use your tentacles to constrict eight enemies at once.
Your skin changes colour to match your surroundings (Stealth).
Your rubbery body absorbs attacks (AC +1).
You are very clumsy. (Dex -4)
You are weak. (Str -2)


Message History

An orc comes into view. It is wielding a whip of venom.
You slash the orc warrior! You grab the orc warrior.
You squeeze the orc warrior.
The orc warrior is severely wounded.
You constrict the orc warrior.
The orc warrior hits you with a war axe.
You hit the orc warrior but do no damage.
The orc warrior is almost dead.
You constrict the orc warrior, but do no damage.
The orc warrior hits you with a war axe!
You hit the orc warrior but do no damage.
The orc warrior is almost dead.
You constrict the orc warrior, but do no damage.
The orc warrior hits you with a war axe!
You hit the orc warrior.
The orc warrior is almost dead.
You constrict the orc warrior.
The orc warrior hits you with a war axe!!
Ouch! That really hurt!
You die...

. # ##. #. #.. #.
#.# # #+# #..#.#
.# #.# #..#.##o.#
#.# #....@o.o#
##.## ####.#####
##...##########.#
#...............#
......###########
###.### #.# #.#
#.#


You could see an orc warrior and 2 orcs.

Vanquished Creatures
  A sky beast (D:5)
  A giant frog (D:3)
  A giant frog skeleton (D:4)
  3 adders
  An ooze (D:2)
  An adder skeleton (D:4)
  3 orcs (D:3)
  3 ball pythons
  9 bats
  3 giant cockroaches
  7 hobgoblins
  14 kobolds
  3 quokkas
  A giant gecko skeleton (D:4)
  5 giant newts
  5 goblins
  4 jackals (D:1)
  7 rats
72 creatures vanquished.

Notes
Turn   | Place    | Note
--------------------------------------------------------------
     0 | D:1      | Jerry the Octopode Fighter began the quest for the Orb.
     0 | D:1      | Reached XP level 1. HP: 16/16 MP: 1/1
   154 | D:1      | Reached XP level 2. HP: 5/21 MP: 2/2
   466 | D:1      | Reached skill level 1 in Stealth
   686 | D:1      | Reached XP level 3. HP: 17/26 MP: 3/3
  1489 | D:2      | Found a blossoming altar of Fedhas.
  2004 | D:2      | Reached XP level 4. HP: 26/31 MP: 4/4
  2289 | D:3      | Noticed a giant frog
  2296 | D:3      | Killed a giant frog
  2296 | D:3      | Reached XP level 5. HP: 32/36 MP: 5/5
  2538 | D:3      | Found a shadowy altar of Dithmenos.
  2548 | D:3      | Became a worshipper of Dithmenos the Shadowed
  3052 | D:4      | Noticed an ogre
  3214 | D:4      | Reached skill level 4 in Shields
  3394 | D:4      | Got a polished falchion
  3395 | D:4      | Identified the +9 falchion "Worm" {holy, *Drain rC++ Int+4} (You found it on level 4 of the Dungeon)
  3480 | D:4      | Found a staircase to the Ecumenical Temple.
  3489 | Temple   | Entered the Ecumenical Temple
  3641 | D:4      | Found a stormy altar of Qazlal.
  3656 | D:4      | You fall through a shaft!
  3656 | D:5      | Entered Level 5 of the Dungeon
  3658 | D:5      | Noticed Pikel
  3658 | D:5      | Noticed a slave
  3659 | D:5      | Noticed a slave
  3738 | D:5      | Noticed a sky beast
  3746 | D:5      | Killed a sky beast
  3746 | D:5      | Reached XP level 6. HP: 32/43 MP: 6/6
  3750 | D:5      | Gained mutation: You are clumsy. (Dex -2) [mutagenic meat]
  3751 | D:5      | Gained mutation: You are weak. (Str -2) [mutagenic meat]
  3752 | D:5      | Gained mutation: You are very clumsy. (Dex -4) [mutagenic meat]
  3976 | D:5      | Noticed an orc warrior
  3982 | D:5      | Mangled by an orc warrior

Action                   |  1- 3 |  4- 6 || total
-------------------------+-------+-------++-------
Melee: Long sword        |    76 |    41 ||   117
       Falchion          |       |    10 ||    10
 Stab: Sleeping          |     5 |     8 ||    13
       Distracted        |       |     1 ||     1
  Eat: Chunk             |     3 |     5 ||     8
       Bread ration      |       |     1 ||     1
